 Dungeon Crawl Stone Soup version 0.27-a0-1006-g1fd4cec11e (webtiles) character file.

Game seed: 11933208831129672831

14 siradein the Charlatan (level 2, 0/21 HPs)
             Began as a Demonspawn Artificer on Apr 17, 2021.
             Slain by Sigmund
             ... wielding a +0 scythe
              (3 damage)
             ... on level 2 of the Dungeon.
             The game lasted 00:01:29 (1311 turns).

siradein the Charlatan (Demonspawn Artificer)       Turns: 1311, Time: 00:01:30

Health: 0/21       AC:  8    Str: 12    XL:     2   Next: 31%
Magic:  0/2        EV:  5    Int: 12    God:
Gold:   31         SH:  0    Dex: 13    Spells: 1/1 levels left

rFire    . . .     SeeInvis .   j - +0 long sword
rCold    . . .     Faith    .   (no shield)
rNeg     . . .     Spirit   +   f - +0 chain mail
rPois    .         Reflect  .   (no helmet)
rElec    .         Harm     .   (no cloak)
rCorr    .         Rampage  .   (no gloves)
Will     .....                  (no boots)
Stlth    ..........             h - amulet of guardian spirit
HPRegen  0.07/turn              (no ring)
MPRegen  0.08/turn              (no ring)

@: no status effects
A: ignite blood 1
a: no special abilities


You were on level 2 of the Dungeon.
You visited 1 branch of the dungeon, and saw 2 of its levels.

You collected 31 gold pieces.

Inventory:

Hand Weapons
 j - a +0 long sword (weapon)
Missiles
 g - a throwing net
Armour
 f - a +0 chain mail (worn)
Jewellery
 h - an amulet of guardian spirit (around neck)
Wands
 c - a wand of flame (15) (quivered)
 d - a wand of charming (15)
Scrolls
 a - a scroll of teleportation {unknown}
 i - a scroll of immolation {unknown}
Potions
 b - a potion of curing {unknown}
Miscellaneous
 e - a piece from Xom's chessboard (15/15)


   Skills:
 - Level 1.0 Fighting
 - Level 1.7 Armour
 - Level 0.8 Dodging
 - Level 0.8 Stealth
 + Level 3.8 Evocations


You had one spell level left.
You didn't know any spells.
Your spell library contained the following spells:

 Spells                   Type           Power      Damage    Failure   Level
 Magic Dart               Conj           0%         1d3       100%        1
 Searing Ray              Conj           0%         3d3       100%        2
 Dazzling Flash           Conj/Hex       0%         N/A       100%        3
 Fulminant Prism          Conj/Hex       0%         3d6       100%        4
 Iskenderun's Mystic Bla  Conj/Tloc      0%         2d3       100%        4


Dungeon Overview and Level Annotations

Branches:
Dungeon (2/15)

Altars:

Annotations:
D:2 Sigmund


Innate Abilities, Weirdness & Mutations

Your demonic aura sometimes causes spilled blood to erupt in flames


Message History

You barely miss the rat.
The rat is heavily wounded.
The rat bites you but does no damage. x2
You hit the rat.
You kill the rat!
No target in view!
You pick up a book of Conjurations and begin reading...
You add the spells Magic Dart, Searing Ray, Dazzling Flash, Fulminant Prism and Iskenderun's Mystic Blast to your library.
A frilled lizard comes into view.
A frilled lizard is nearby!
A frilled lizard is nearby!
A frilled lizard is nearby!
The frilled lizard hisses angrily.
You hear a shout!
A goblin comes into view. It is wielding a +0 club.
Sigmund the Dreaded comes into view.
He is wielding a +0 scythe.
The goblin hits you but does no damage.
Sigmund points at himself and mumbles some strange words.
Sigmund flickers and vanishes!
Deactivating autopickup; reactivate with Ctrl-A.
You barely miss the goblin.
The goblin hits you but does no damage. x2
You closely miss the goblin.
The frilled lizard bites you but does no damage.
The goblin hits you but does no damage. Something hits you!
A jackal comes into view.
The frilled lizard closely misses you.
You closely miss the frilled lizard. Something hits you but does no damage.
The frilled lizard bites you but does no damage.
A jackal comes into view.
The frilled lizard bites you but does no damage.
The jackal barks!
You slash the frilled lizard!
You kill the frilled lizard!
You miss the goblin. Something hits you.
The goblin hits you but does no damage. Something hits you but does no damage.
You closely miss the goblin. The goblin hits you but does no damage.
Something hits you. The goblin hits you but does no damage.
You barely miss the goblin. Something hits you.
* * * LOW HITPOINT WARNING * * *
The goblin hits you but does no damage. Something hits you.
You die...

#..... #.....
#..... #.....##
#..## ##..##
##{h# ##g#
###@####
#......#
#......#
#......#
#......##
#.......#
#######.#
######.#
#....#.########


You could see a jackal and a goblin.

Vanquished Creatures
  2 giant cockroaches (D:1)
  2 goblins (D:1)
  A hobgoblin (D:1)
  2 quokkas (D:1)
  4 frilled lizards
  A kobold (D:1)
  2 rats
14 creatures vanquished.

Notes
Turn   | Place    | Note
-------+----------+-------------------------------------------
     0 | D:1      | siradein the Demonspawn Artificer began the quest for the
                  | Orb.
     0 | D:1      | Reached XP level 1. HP: 15/15 MP: 1/1
   679 | D:1      | Gained mutation: Your demonic aura sometimes causes spilled
                  | blood to erupt in flames [demonic ancestry]
   679 | D:1      | Reached XP level 2. HP: 16/21 MP: 2/2
  1298 | D:2      | Noticed Sigmund
  1311 | D:2      | Slain by Sigmund

Illustrated notes

Levels and vault maps discovered:
D:1:      erik_arrival_orb_chamber, layout_basic, patterned_corridor
D:2:      layout_rooms, minmay_tripent, uniq_sigmund

Action                   || total
-------------------------++-------
Melee: Club              ||    33
       Short sword       ||    34
       Long sword        ||    16
Armor: Chain mail        ||    69
Dodge: Dodged            ||    24
       Rpst.: Long sword ||     1

Table legend: (Time is in decaauts)
 A = Elapsed time spent in this place.
 B = Non-inter-level travel time spent in this place.
 C = Inter-level travel time spent in this place.
 D = Time resting spent in this place.
 E = Time spent auto-exploring this place.
 F = Levels seen in this place.
 G = Mean time per level.
                   A        B        C        D        E       F      G
               +--------+--------+--------+--------+--------+-----+--------+
         Total |   1329 |   1310 |     19 |      5 |   1120 |   2 |  664.5 |
       Dungeon |   1329 |   1310 |     19 |      5 |   1120 |   2 |  664.5 |
               +--------+--------+--------+--------+--------+-----+--------+

Top non-repeatable levels by time:
     D:1: 1275 daAuts
     D:2: 53 daAuts
